 Dungeon Crawl Stone Soup version 0.29-a0-334-gb41bcbb86e (webtiles) character file.

Game seed: 600289637154616808

823 Jortsu the Cudgeller (level 7, -4/80 HPs)
             Began as a Troll Fighter on Apr 15, 2022.
             Was a Plaything of Xom.
             Slain by a troll (11 damage)
             ... on level 5 of the Dungeon.
             The game lasted 00:07:22 (3597 turns).

Jortsu the Cudgeller (Troll Fighter)                Turns: 3597, Time: 00:07:23

Health: -4/80      AC:  6    Str: 27    XL:     7   Next: 63%
Magic:  0/6        EV: 10    Int:  4    God:    Xom [*.....]
Gold:   212        SH:  0    Dex:  9    Spells: 6/6 levels left

rFire   . . .      SeeInvis .   j - +0 giant spiked club
rCold   . . .      Faith    .   (shield currently unavailable)
rNeg    . . .      Spirit   +   b - +0 robe
rPois   +          Reflect  .   (helmet restricted)
rElec   .          Harm     .   i - +1 cloak
rCorr   .          Rampage  .   (gloves unavailable)
Will    +....                   (boots unavailable)
Stlth   +.........              d - amulet of guardian spirit
HPRegen 1.03/turn               e - ring of willpower
MPRegen 0.10/turn               (no ring)

@: mighty
A: large, unfitting armour, claws 3, regeneration 1, shaggy fur 1, tough skin 1,
antennae 1, poison resistance, robust 2, MP-powered wands
a: Renounce Religion


You were on level 5 of the Dungeon.
You worshipped Xom.
You were a special plaything of Xom.
You visited 1 branch of the dungeon, and saw 6 of its levels.

You collected 212 gold pieces.

Inventory:

Hand Weapons
 a - a +1 flail
 j - a +0 giant spiked club (weapon)
Missiles
 l - 3 large rocks (quivered)
Armour
 b - a +0 robe (worn)
 c - a +0 kite shield
 i - a +1 cloak (worn)
Jewellery
 d - an amulet of guardian spirit (around neck)
 e - a ring of willpower (left claw)
Wands
 m - a wand of polymorph (9)
 s - a wand of flame (14)
Scrolls
 f - a scroll of fog
 h - 3 scrolls of teleportation
Potions
 g - 2 potions of curing {unknown}
 k - 3 potions of brilliance
 n - 2 potions of haste
 o - a potion of flight
 q - 3 potions of heal wounds {unknown}
 r - a potion of degeneration {unknown}


   Skills:
 + Level 3.6 Fighting
 + Level 5.5 Maces & Flails
 + Level 4.1 Dodging
 + Level 1.0 Stealth
 + Level 3.4 Shields


You had 6 spell levels left.
You didn't know any spells.
Your spell library contained the following spells:

 Spells                   Type           Power      Damage    Failure   Level
 Animate Skeleton         Necr           0%         N/A       50%         1
 Apportation              Tloc           0%         N/A       50%         1
 Foxfire                  Conj/Fire      0%         2x1d4     50%         1
 Freeze                   Ice            0%         1d3       50%         1
 Summon Small Mammal      Summ           0%         N/A       50%         1
 Conjure Flame            Conj/Fire      0%         6-21      86%         3
 Frozen Ramparts          Ice            0%         1d2       86%         3
 Inner Flame              Hex/Fire       0%         N/A       86%         3
 Flame Wave               Conj/Fire      0%         2d4       99%         4
 Hailstorm                Conj/Ice       0%         3d3       99%         4
 Chain Lightning          Conj/Air       0%         N/A       100%        9
 Fire Storm               Conj/Fire      0%         5d1       100%        9
 Shatter                  Erth           0%         3d5*      100%        9


Dungeon Overview and Level Annotations

Branches:
Dungeon (6/15)             Temple (0/1) D:6

Altars:
Kikubaaqudgha
Xom

Annotations:
D:4 1 runed translucent door, flt's ghost, weakling TeDe


Innate Abilities, Weirdness & Mutations

You are too large for most types of armour.
You have claws for hands.
Your natural rate of healing is unusually fast.
You are covered in fur. (AC +1)
You have tough skin. (AC +1)
You have a pair of small antennae on your head.
Your system is resistant to poisons. (rPois)
You are very robust. (+20% HP)
You expend magic power (3 MP) to strengthen your wands.


Message History

There is a stone staircase leading down here.
You bludgeon the orc!!
You kill the orc!
Things that are here:
a +2 short sword of speed; an orc corpse
There is a stone staircase leading down here.
You climb downwards.
The troll barely misses you. The troll claws you! The troll closely misses you.
There is a stone staircase leading up, spattered with blood here.
The troll bites you. The troll barely misses you. The troll claws you.
You climb upwards.
There is a stone staircase leading down here.
You barely miss the troll.
The troll is lightly wounded.
The troll bites you. The troll closely misses you.
The troll claws you but does no damage. The troll bites you.
The troll claws you but does no damage. The troll claws you.
You impale the troll!!
The troll is severely wounded.
You are now a special plaything of Xom.
The troll bites you! The troll claws you. The troll claws you!
You closely miss the troll.
The troll is severely wounded.
The troll bites you but does no damage. The troll claws you but does no damage.
The troll claws you. The troll bites you! The troll closely misses you.
The troll claws you!
* * * LOW HITPOINT WARNING * * *
You closely miss the troll.
The troll is heavily wounded.
The troll bites you.
* * * LOW HITPOINT WARNING * * *
The troll claws you.
* * * LOW HITPOINT WARNING * * *
The troll claws you.
* * * LOW HITPOINT WARNING * * *
The troll bites you.
* * * LOW HITPOINT WARNING * * *
The troll misses you. The troll claws you!
You die...
Xom laughs nastily!

.##
##..#..###############....## .#
##...## ####### #########..####
### #...........>.## #..
#....?..#####..# #.. ........#
##.## #.. ........# #..# #..
........# ##T### #.. ........#
#.@.#### #.. ........#
###)...## ### ........#
####..## .######## ##..########
.# ##........#
#######################.......#
..............................#
#######################.......#
#.......#


You could see a troll.

Vanquished Creatures
  Sigmund (D:3)
  An ice beast (D:6)
  An ogre (D:4)
  A phantom (D:5)
  A scorpion (D:5)
  A howler monkey (D:5)
  A jelly (D:4)
  2 hounds (D:5)
  An orc wizard (D:4)
  7 adders
  2 worms
  2 dart slugs
  5 orcs
  12 ball pythons
  5 bats
  7 endoplasms
  A giant cockroach (D:3)
  9 goblins
  9 hobgoblins
  9 jackals
  9 kobolds
  3 quokkas
  4 frilled lizards
  6 rats
100 creatures vanquished.

Vanquished Creatures (collateral kills)
  A hound (D:5)
  An orc (D:6)
2 creatures vanquished.

Vanquished Creatures (others)
  5 plants
5 creatures vanquished.

Grand Total: 107 creatures vanquished

Notes
Turn   | Place    | Note
-------+----------+-------------------------------------------
     0 | D:1      | Jortsu the Troll Fighter began the quest for the Orb.
     0 | D:1      | Reached XP level 1. HP: 22/22 MP: 0/0
    31 | D:1      | Reached XP level 2. HP: 27/29 MP: 1/1
   121 | D:1      | Reached skill level 2 in Maces & Flails
   299 | D:1      | Found a faded altar of an unknown god.
   310 | D:1      | Prayed at the altar of an unknown god.
   310 | D:1      | Became a worshipper of Xom of Chaos
   390 | D:1      | XOM: divination: detect creatures
   450 | D:1      | XOM: divination: magic mapping
   477 | D:2      | Reached XP level 3. HP: 36/36 MP: 2/2
   555 | D:2      | XOM: give mutation
   555 | D:2      | Gained mutation: You expend magic power (3 MP) to
                  | strengthen your wands. [Xom's mischief]
  1026 | D:2      | XOM: god gift: +0 pair of gloves of hurling
  1204 | D:2      | Reached XP level 4. HP: 41/44 MP: 3/3
  1704 | D:3      | Noticed Sigmund
  1711 | D:3      | Killed Sigmund
  1712 | D:3      | Reached skill level 3 in Maces & Flails
  1712 | D:3      | Reached XP level 5. HP: 32/53 MP: 4/4
  1785 | D:3      | Reached XP level 6. HP: 61/61 MP: 5/5
  1806 | D:3      | XOM: give mutations
  1806 | D:3      | Gained mutation: You are robust. (+10% HP) [Xom's grace]
  1806 | D:3      | Gained mutation: You have a pair of small antennae on your
                  | head. [Xom's grace]
  1806 | D:3      | Gained mutation: You are very robust. (+20% HP) [Xom's
                  | grace]
  1806 | D:3      | Gained mutation: Your system is resistant to poisons.
                  | (rPois) [Xom's grace]
  1831 | D:3      | XOM is BORED!
  1994 | D:4      | Found a runed translucent door.
  1994 | D:4      | Noticed flt's ghost (weakling TeDe)
  2141 | D:4      | XOM: 5-stop teleportation journey
  2188 | D:4      | XOM: 2-stop teleportation journey
  2239 | D:4      | Reached skill level 4 in Maces & Flails
  2337 | D:4      | XOM: cloud trail
  2443 | D:4      | Found an ancient bone altar of Kikubaaqudgha.
  2929 | D:5      | Entered Level 5 of the Dungeon
  3133 | D:5      | XOM: summons friendly ufetubus
  3136 | D:5      | Reached XP level 7. HP: 80/80 MP: 6/6
  3201 | D:5      | XOM: confuse monster(s)
  3265 | D:5      | Reached skill level 5 in Maces & Flails
  3300 | D:5      | XOM: divination: magic mapping
  3374 | D:5      | XOM: noise
  3376 | D:5      | XOM: silly message
  3389 | D:5      | XOM: enchant monster (good)
  3452 | D:6      | XOM: cleaving
  3457 | D:6      | Reached skill level 1 in Stealth
  3476 | D:6      | Found a staircase to the Ecumenical Temple.
  3563 | D:6      | Noticed a troll
  3564 | D:6      | XOM: summons 4 friendly demons
  3567 | D:6      | XOM: potion effect (might)
  3584 | D:6      | XOM: polymorph white imp -> quasit
  3597 | D:5      | Slain by a troll

Illustrated notes

Levels and vault maps discovered:
D:1:      lightli_arrival_maybe_door_vault, layout_rooms,
          ebering_ecumenical_altar_ruins, minmay_misc_feat_nine_boxes
D:2:      layout_loops_cross, chequers_serial_rivers_small_a,
          minmay_misc_feat_cross, roderic_serpentine_path
D:3:      layout_loops_ring, uniq_sigmund
D:4:      layout_basic, mainiacjoe_overflow_cross_hatched,
          hellmonk_ghost_happy_afterlife
D:5:      layout_rooms, minmay_misc_feat_pillars
D:6:      layout_rooms, grunt_temple_overflow_forces_of_nature, tgw_xom,
          gammafunk_temple_overflow_wave, minmay_temple_entry_offerings,
          ebering_ghost_inner_flame, minivault_5

Skill      XL: |  1  2  3  4  5  6  7 |
---------------+----------------------+-----
Maces & Flails | 2 3 4 5 |  5.5
Dodging        | 3 4 |  4.1
Shields        | 3 |  3.4
Fighting       | 3 |  3.6
Stealth        | 1 |  1.0

Action                   |  1- 3 |  4- 6 |  7- 9 || total
-------------------------+-------+-------+-------++-------
Melee: Flail             |   164 |   137 |       ||   301
       Giant spiked club |       |    20 |    49 ||    69
  Use: Scroll            |     2 |     6 |     1 ||     9
       Potion            |       |     1 |       ||     1
 Stab: Sleeping          |     1 |     1 |       ||     2
       Paralysed         |       |       |     2 ||     2
       Confused          |       |       |     1 ||     1
Armor: Robe              |   101 |    62 |    24 ||   187
Dodge: Dodged            |    86 |    54 |    42 ||   182
Block: Kite shield       |    98 |    48 |       ||   146

Table legend: (Time is in decaauts)
 A = Elapsed time spent in this place.
 B = Non-inter-level travel time spent in this place.
 C = Inter-level travel time spent in this place.
 D = Time resting spent in this place.
 E = Time spent auto-exploring this place.
 F = Levels seen in this place.
 G = Mean time per level.
                   A        B        C        D        E       F      G
               +--------+--------+--------+--------+--------+-----+--------+
         Total |   3760 |   3689 |     71 |     36 |   2463 |   6 |  626.7 |
       Dungeon |   3760 |   3689 |     71 |     36 |   2463 |   6 |  626.7 |
               +--------+--------+--------+--------+--------+-----+--------+

Top non-repeatable levels by time:
     D:4: 962 daAuts
     D:2: 944 daAuts
     D:3: 655 daAuts
     D:5: 498 daAuts
     D:1: 498 daAuts
     D:6: 200 daAuts
